[Event "Swiss-Ch 2017"]
[Site "Graechen"]
[Date "2017.07.16"]
[Round "4"]
[White "Ekstroem, Roland"]
[Black "Cebalo, Miso"]
[Result "1/2-1/2"]
[ECO "A56"]
[WhiteElo "2376"]
[BlackElo "2303"]
[Annotator "RC"]
[PlyCount "55"]
[EventDate "2017.??.??"]
[EventCountry "SUI"]
[SourceTitle "playchess.com"]
[Source "ChessBase"]
[SourceQuality "1"]
[TimeControl "40/5400+30:1800+30"]

1. d4 Nf6 2. c4 c5 3. Nf3 cxd4 4. Nxd4 Nc6 5. Nc3 g6 6. e4 Nxd4 7. Qxd4 d6 8. Be2 Bg7 9. Be3 O-O 10. Qd2 a5 11. Rd1 a4 12. O-O Qa5 13. Bd4 Be6 14. Qe3 Rfc8 15. Nd5 Bxd5 16. exd5 Re8 17. Rfe1 Nd7 18. Bxg7 Kxg7 19. Bf1 Qc5 20. Rd4 Nf6 21. Qd2 Qa5 22. Qd1 Qb4 23. Re2 Rac8 24. Rc2 Rc5 25. Rcd2 Rec8 26. Qe2 Qb6 27. Rf4 R5c7 28. h3 1/2-1/2

[Event "Swiss-Ch 2017"]
[Site "Graechen"]
[Date "2017.07.16"]
[Round "4"]
[White "Riehle, Marco"]
[Black "Baenziger, Fabian"]
[Result "1/2-1/2"]
[ECO "B56"]
[WhiteElo "2236"]
[BlackElo "2354"]
[Annotator "RC"]
[PlyCount "71"]
[EventDate "2017.??.??"]
[EventCountry "SUI"]
[SourceTitle "playchess.com"]
[Source "ChessBase"]
[SourceQuality "1"]
[TimeControl "40/5400+30:1800+30"]

1. e4 c5 2. Nf3 Nc6 3. d4 cxd4 4. Nxd4 Nf6 5. Nc3 d6 6. f3 e5 7. Nb3 Be7 8. Be3 O-O 9. Qd2 Be6 10. O-O-O a5 11. Bb5 Qc7 12. Na4 d5 13. Bb6 Qc8 14. exd5 Nxd5 15. Kb1 Na7 16. Qe2 Nb4 17. Bd3 Nxd3 18. Qxd3 Bf5 19. Qe2 Qc6 20. Bc5 Bxc5 21. Nbxc5 Rfe8 22. g4 Bg6 23. Qf2 b6 24. Nd7 Qxa4 25. Nxb6 Qc6 26. Nxa8 Qxa8 27. h4 h5 28. Rhg1 Rc8 29. Rd2 hxg4 30. Rxg4 Nb5 31. h5 Bxh5 32. Rg5 Bg6 33. Rxe5 Qb8 34. Rc5 Na3+ 35. Kc1 Nxc2 36. Rdxc2 1/2-1/2

[Event "Swiss-Ch 2017"]
[Site "Graechen"]
[Date "2017.07.17"]
[Round "5"]
[White "Sedina, Elena"]
[Black "Ekstroem, Roland"]
[Result "1/2-1/2"]
[ECO "C54"]
[WhiteElo "2267"]
[BlackElo "2376"]
[Annotator "NA"]
[PlyCount "28"]
[EventDate "2017.??.??"]
[EventCountry "SUI"]
[SourceTitle "playchess.com"]
[Source "ChessBase"]
[SourceQuality "1"]
[TimeControl "40/5400+30:1800+30"]

1. e4 e5 2. Nf3 Nc6 3. Bc4 Bc5 4. O-O Nf6 5. d3 d6 6. c3 O-O 7. Nbd2 a6 8. a4 Ba7 9. h3 Ne7 10. Re1 Ng6 11. Nf1 c6 12. Bb3 Be6 13. d4 Re8 14. Ng3 Bxb3 1/2-1/2

[Event "Swiss-Ch 2017"]
[Site "Graechen"]
[Date "2017.07.20"]
[Round "8"]
[White "Raetsky, Alexander"]
[Black "Sedina, Elena"]
[Result "1/2-1/2"]
[ECO "D15"]
[WhiteElo "2385"]
[BlackElo "2316"]
[Annotator "NA"]
[PlyCount "79"]
[EventDate "2017.??.??"]
[EventCountry "SUI"]
[SourceTitle "playchess.com"]
[Source "ChessBase"]
[SourceQuality "1"]
[TimeControl "40/5400+30:1800+30"]

1. c4 c6 2. Nf3 d5 3. e3 Nf6 4. Nc3 a6 5. d4 Bf5 6. Bd2 {[%emt 0:07:50] D15: Slav Defence: 4 Nc3 a6 and gambit lines after 4 Nc3 dxc4} (6. Be2 e6 7. Nh4 Bg6 8. O-O Nbd7 9. g3 Be7 10. Nxg6 hxg6 11. Qc2 dxc4 12. Bxc4 Qa5 13. f3 c5 {½-½ (67) Svidler,P (2755)-Malakhov,V (2712) Sochi 2017}) 6... e6 7. c5 Nbd7 {[%emt 0:11:21] LiveBook: 3 Games} 8. Be2 Ne4 9. O-O Nxd2 $146 ({Predecessor:} 9... Be7 10. b4 Bf6 11. Qb3 O-O 12. Rfd1 e5 13. Nxe4 Bxe4 {1-0 (35) Socko,B (2621)-Pavlovic,M (2497) Biel 2006}) 10. Nxd2 e5 11. e4 exd4 12. Nxd5 Be6 13. Nf4 Bxc5 14. Nxe6 fxe6 15. Qb3 O-O 16. Rac1 Ba7 17. Bc4 (17. Qxe6+ $11 {remains equal.} Kh8 18. Bd3) 17... Nc5 18. Qh3 $1 Qg5 19. Nf3 Qh6 20. Qxh6 gxh6 21. Nxd4 Kh8 (21... Rae8 $11) 22. Nxe6 Nxe6 23. Bxe6 Rad8 {[%emt 0:00:18] [#]} 24. Rc2 $1 Rd4 25. Bf5 Rfd8 26. g3 $11 Rd2 27. Rxd2 Rxd2 28. b3 Rxa2 29. Kg2 Bd4 30. e5 Bxe5 31. Rd1 Kg7 32. Rd7+ Kf6 33. Be4 c5 34. Rxb7 Bd4 35. Kh3 Rxf2 36. Rxh7 Ke5 37. Bb7 Rf6 38. Kg4 a5 39. Re7+ Re6 40. Rxe6+ 1/2-1/2